 Dungeon Crawl Stone Soup version 0.27-a0-328-g7f782ed93a (webtiles) character file.

Game seed: 11018278110402146388

590310 namelastname112 the Slayer (level 26, -2/251 HPs)
             Began as a Yellow Draconian Delver on Feb 9, 2021.
             Was an Initiate of Gozag.
             Slain by a tentacled monstrosity (6 damage)
             ... on level 2 of the Realm of Zot on Feb 12, 2021.
             The game lasted 02:14:45 (94703 turns).

namelastname112 the Slayer (DrDe)                  Turns: 94703, Time: 02:14:46

Health: -2/251     AC: 24    Str: 16    XL:     26   Next: 19%
Magic:  39/41      EV: 31    Int: 14    God:    Gozag
Gold:   3055       SH:  9    Dex: 23    Spells: 15/54 levels left

rFire    + + .     SeeInvis .   X - +9 quick blade (chaos)
rCold    + + .     Faith    +   w - +3 warlock's mirror {reflect}
rNeg     + . .     Spirit   .   (armour unavailable)
rPois    +         Reflect  +   V - -2 hat of the Alchemist {rElec rPois rF+ rC+ rN+ Will+ rMut rCorr}
rElec    +         Harm     .   P - +2 cloak {rPois}
rCorr    +         Rampage  .   O - +3 pair of gauntlets of War {Slay+5}
rMut     +                      L - +2 pair of boots {run}
Will     ++...                  j - amulet "Uwiupt" {Faith +Blink rF+ rC+ Dex+3}
Stlth    ++++++++..             i - +4 ring of protection
HPRegen  0.51/turn              o - +4 ring of slaying
MPRegen  0.27/turn

@: constricted, quick
A: spit acid, unfitting armour, acidic bite, cold-blooded, acid resistance, AC
+12
}: 3/15 runes: decaying, silver, gossamer
a: Breathe Acid, Renounce Religion, Evoke Blink, Potion Petition, Call Merchant,
Bribe Branch


You were on level 2 of the Realm of Zot.
You worshipped Gozag.
Gozag was most pleased with you.
You visited 11 branches of the dungeon, and saw 50 of its levels.
You visited 1 bazaar.

You collected 30907 gold pieces.
You spent 10523 gold pieces at shops.
You paid 17329 gold pieces to Gozag.

Inventory:

Hand Weapons
 X - a +9 quick blade of chaos (weapon)
Missiles
 v - 136 poisoned darts (quivered)
 H - 5 throwing nets
 K - 34 curare-tipped darts
 W - 2 atropa-tipped darts
Armour
 w - the +3 warlock's mirror (worn) {reflect}
   (You bought it in a shop on level 14 of the Dungeon)
 L - a +2 pair of boots of running (worn)
 O - the +3 pair of gauntlets of War (worn) {Slay+5}
   (You bought it in a shop on level 1 of the Elven Halls)

   It affects your accuracy and damage with ranged weapons and melee attacks
   (+5).
 P - a +2 cloak of poison resistance (worn)
 V - the -2 hat of the Alchemist (worn) {rElec rPois rF+ rC+ rN+ Will+ rMut rCorr}
   (You bought it in a shop on level 2 of the Orcish Mines)

   It protects you from fire.
   It protects you from cold.
   It insulates you from electricity.
   It protects you from poison.
   It protects you from negative energy.
   It affects your willpower, your defense against some magical effects.
   It provides partial protection from all sources of acid and corrosion.
   It protects you from mutation.
Jewellery
 a - the ring "Syickyny" {MP+9 Int+3}
   (You took it off a deep elf sorcerer on level 3 of the Elven Halls)

   [ring of magical power]

   It affects your intelligence (+3).
   It affects your magic capacity (+9).
 c - the ring "Fidokuit" {+Fly rC++ Slay+2}
   (You took it off a frost giant on level 3 of the Depths)

   [ring of flight]

   It affects your accuracy and damage with ranged weapons and melee attacks
   (+2).
   It greatly protects you from cold.
   It lets you fly.
 i - a +4 ring of protection (left hand)
 j - the amulet "Uwiupt" (around neck) {Faith +Blink rF+ rC+ Dex+3}
   (You bought it in a shop on level 3 of the Crypt)

   [amulet of faith]

   It allows you to gain divine favour quickly.
   It affects your dexterity (+3).
   It protects you from fire.
   It protects you from cold.
   It lets you blink.
 o - a +4 ring of slaying (right hand)
 I - the amulet of the Serpent {Spirit rN+ Slay+3}
   (You bought it in a shop on level 10 of the Dungeon)

   [amulet of guardian spirit]

   It causes incoming damage to be split between your health and magic.
   It affects your accuracy and damage with ranged weapons and melee attacks
   (+3).
   It protects you from negative energy.
 U - a ring of see invisible {unknown}
Wands
 f - a wand of digging (31)
 h - a wand of iceblast (70)
 x - a wand of polymorph (8)
 y - a wand of mindburst (73)
 Y - a wand of acid (21)
Scrolls
 b - 11 scrolls of fog
 d - 13 scrolls of magic mapping
 g - 10 scrolls of enchant armour
 l - 24 scrolls of identify
 n - 2 scrolls of summoning
 z - 5 scrolls of vulnerability
 A - 20 scrolls of teleportation
 B - a scroll of removedness
 E - 14 scrolls of amnesia
 J - 4 scrolls of silence
 M - 3 scrolls of fear
 N - 8 scrolls of enchant weapon
 R - 2 scrolls of holy word
 S - 7 scrolls of blinking
Potions
 e - 11 potions of brilliance
 m - 3 potions of mutation
 p - 6 potions of might
 q - 22 potions of curing
 r - 16 potions of flight
 s - 12 potions of heal wounds
 t - 4 potions of invisibility
 u - 11 potions of attraction
 D - 3 potions of cancellation
 F - 7 potions of ambrosia
 G - 5 potions of haste
 Q - 2 potions of magic
 T - 2 potions of resistance
 Z - 2 potions of berserk rage
Miscellaneous
 k - a lightning rod (4/4)
 C - a phantom mirror


   Skills:
 + Level 23.3 Fighting
 + Level 14.0(14.3) Short Blades
 - Level 4.7(10.4) Long Blades
 - Level 5.0 Throwing
 + Level 20.1 Dodging
 + Level 21.8 Stealth
 - Level 4.6 Shields
 + Level 14.6 Spellcasting
 + Level 14.6 Hexes
 - Level 6.5 Ice Magic
 - Level 4.4 Evocations


You had 15 spell levels left.
You knew the following spells:

 Your Spells              Type           Power        Failure   Level
a - Blink                 Tloc           N/A          10%         2
b - Confusing Touch       Hex            50%          1%          3
c - Dazzling Flash        Conj/Hex       60%          1%          3
d - Tukima's Dance        Hex            50%          1%          3
e - Summon Mana Viper     Hex/Summ       30%          9%          5
f - Silence               Hex/Air        15%          9%          5
g - Apportation           Tloc           20%          7%          1
h - Yara's Violent Unrav  Hex/Tmut       15%          9%          5
i - Cause Fear            Hex            25%          1%          4
s - Invisibility          Hex            50%          2%          6
z - Ensorcelled Hibernat  Hex/Ice        78%          1%          2

Your spell library contained the following spells:

 Spells                   Type           Power        Failure   Level
 Corona                   Hex            55%          0%          1
 Freeze                   Ice            100%         1%          1
 Slow                     Hex            50%          1%          2
 Frozen Ramparts          Ice            56%          1%          3
 Inner Flame              Hex/Fire       30%          1%          3
 Ozocubu's Armour         Ice            28%          1%          3
 Portal Projectile        Hex/Tloc       60%          1%          3
 Metabolic Englaciation   Hex/Ice        19%          2%          5
 Leda's Liquefaction      Hex/Erth       15%          3%          4
 Beastly Appendage        Tmut           20%          7%          1
 Foxfire                  Conj/Fire      40%          7%          1
 Magic Dart               Conj           40%          7%          1
 Sandblast                Erth           20%          7%          1
 Shock                    Conj/Air       40%          7%          1
 Sting                    Tmut/Pois      40%          7%          1
 Call Imp                 Summ           10%          10%         2
 Corpse Rot               Necr/Air       N/A          10%         2
 Passwall                 Tmut/Erth      8%           10%         2
 Poisonous Vapours        Pois/Air       20%          10%         2
 Sublimation of Blood     Necr           5%           10%         2
 Swiftness                Air            10%          10%         2
 Wereblood                Tmut           10%          10%         2
 Ice Form                 Ice/Tmut       19%          17%         4
 Conjure Flame            Conj/Fire      10%          21%         3
 Gell's Gravitas          Tloc           5%           21%         3
 Ignite Poison            Fire/Tmut/Pois 10%          21%         3
 Mephitic Cloud           Conj/Pois/Air  10%          21%         3
 Static Discharge         Conj/Air       10%          21%         3
 Stone Arrow              Conj/Erth      20%          21%         3
 Teleport Other           Tloc           10%          21%         3
 Airstrike                Air            5%           54%         4
 Animate Dead             Necr           5%           54%         4
 Dispel Undead            Necr           10%          54%         4
 Olgreb's Toxic Radiance  Pois           10%          54%         4
 Passage of Golubria      Tloc           N/A          54%         4
 Petrify                  Tmut/Erth      10%          54%         4
 Sticky Flame             Conj/Fire      10%          54%         4
 Summon Lightning Spire   Summ/Air       10%          54%         4
 Agony                    Necr           10%          88%         5
 Alistair's Intoxication  Tmut/Pois      6%           88%         5
 Bolt of Magma            Conj/Fire/Erth 5%           88%         5
 Borgnjor's Vile Clutch   Necr/Erth      5%           88%         5
 Fireball                 Conj/Fire      5%           88%         5
 Irradiate                Conj/Tmut      5%           88%         5
 Iskenderun's Battlesphe  Conj           10%          88%         5
 Lee's Rapid Deconstruct  Erth           5%           88%         5
 Lightning Bolt           Conj/Air       5%           88%         5
 Summon Forest            Summ/Tloc      5%           88%         5
 Simulacrum               Ice/Necr       9%           95%         6
 Freezing Cloud           Conj/Ice/Air   8%           99%         6
 Conjure Ball Lightning   Conj/Air       5%           100%        6
 Death Channel            Necr           5%           100%        6
 Dispersal                Tloc           5%           100%        6
 Eringya's Noxious Bog    Tmut/Pois      5%           100%        6
 Hydra Form               Tmut           5%           100%        6
 Iron Shot                Conj/Erth      5%           100%        6
 Shadow Creatures         Summ           N/A          100%        6
 Statue Form              Tmut/Erth      6%           100%        6
 Dragon Form              Tmut           5%           100%        7
 Orb of Destruction       Conj           5%           100%        7
 Spellforged Servitor     Conj/Summ      5%           100%        7
 Summon Hydra             Summ           5%           100%        7
 Borgnjor's Revivificati  Necr           5%           100%        8
 Disjunction              Tloc           5%           100%        8
 Ignition                 Fire           5%           100%        8
 Infestation              Necr           5%           100%        8
 Necromutation            Tmut/Necr      5%           100%        8
 Death's Door             Necr           5%           100%        9
 Tornado                  Air            5%           100%        9


Dungeon Overview and Level Annotations

Branches:
Dungeon (15/15)            Temple (1/1) D:4            Lair (6/6) D:9
  Swamp (4/4) Lair:4       Spider (4/4) Lair:4        Slime (0/5) Lair:6
    Orc (2/2) D:10            Elf (3/3) Orc:2        Vaults (5/5) D:14
  Crypt (3/3) Vaults:2       Tomb (0/3) Crypt:3      Depths (5/5) D:15
    Zot (2/5) Depths:5

Altars:
Ashenzari
Cheibriados
Dithmenos
Elyvilon
Fedhas
Gozag
Hepliaklqana
Kikubaaqudgha
Makhleb
Nemelex Xobeh
Okawaru
Qazlal
Ru
Sif Muna
Trog
Uskayaw
Vehumet
Wu Jian
Xom
Yredelemnul
Zin
The Shining One
Beogh
Jiyva

Shops:
D:6 [   D:8 (   D:9 *   D:10 =   D:12 [   D:14 [   D:15 ?   Orc:2 *([[
Elf:1 [![   Elf:2 !   Lair:5 (   Vaults:1 [   Vaults:5 [[   Crypt:3 :[=
Depths:3 =   Depths:5 ([??

Portals:
Hell: Depths:1 Depths:2 Depths:3 Depths:4 Depths:5
Abyss: Depths:3 Depths:4
Ziggurat: Depths:4

Annotations:
D:2 Sigmund
D:9 1 runed translucent door
Lair:1 exclusion: oklob plant
Swamp:3 2 runed translucent doors, PeterLawrence's ghost, adept MiFi
Spider:1 3 runed translucent doors, Busm's ghost, adept TeAE
Elf:2 5 runed translucent doors
Elf:3 25 runed doors, 1 exclusion
Depths:2 2 transporters, septik's ghost, adept MiBe


Innate Abilities, Weirdness & Mutations

You can spit globs of acid.
Your golden yellow scales are hard. (AC +12)
You cannot fit into any form of body armour.
You have acidic saliva.
You are cold-blooded and may be slowed by cold attacks.
You are resistant to acid. (rCorr)


Message History

You skewer the war gargoyle but do no damage!
The war gargoyle is almost destroyed!
The war gargoyle misses you!
You perforate the war gargoyle but do no damage!
You bite the war gargoyle, but do no damage!
The war gargoyle is almost destroyed!
Something closely misses you!
Something tentacle-slaps you but does no damage! x2
You are constricted!
Something hits you!
You take 5 damage, and have 97/251 hp!
You closely miss the war gargoyle!
The war gargoyle is almost destroyed!
You skewer the war gargoyle but do no damage!
You tail-slap the war gargoyle!
The war gargoyle is almost destroyed!
The war gargoyle launches metal splinters at you!
The spray of metal splinters hits you!!!!!! * * * don't die
* * * The war gargoyle hits you but does no damage!
You take 26 damage, and have 71/251 hp!
Okay, then!
Casting: Invisibility (mildly dangerous; 2% risk of failure)
Confirm with ! or Enter, or press ? or * to list all spells!
The tentacled monstrosity's grasp on you weakens, but your attempt to escape fails!
Something tentacle-slaps you!!! * * * don't die
* * * Something tentacle-slaps you but does no damage! x2 * * * don't die
* * * You are constricted!
Something hits you!!! * * * don't die
* * * The war gargoyle launches metal splinters at you!
The spray of metal splinters hits you!!!!!! * * * don't die
* * * The war gargoyle hits you with a +1 dire flail of protection!!! * * * don't die
* * * Something barely misses you!
Something tentacle-slaps you but does no damage!
Something tentacle-slaps you! rip Your body crumbles into a pile of gold!

.#≈#..............#≈#...........#
.#≈#..............#≈#...........#
.#≈################≈#...........#
.#≈≈≈≈≈≈≈≈≈≈≈≈≈≈≈≈≈≈##########≈≈#
.#≈≈≈≈≈≈≈≈≈≈≈≈≈≈≈≈≈≈≈≈≈≈≈≈≈≈≈≈≈≈≈
.#≈≈≈#########################≈≈#
.#≈≈≈#. 9........................
.#≈≈≈# ......{9..........>...>.
.#≈≈≈# ......9@{...............
###### #######....$.$$$..$...$.
<#≈≈≈# #...#................. )#
≈≈# #.#.####$############# .# ≈#
#.#.#.......#.......). .#
#.#.#.......#.######## .#
#.#.#......)#.........
.###########.#.#.......#.........
.............#.#}.?...[#⌠........


You could see 2 war gargoyles.

Vanquished Creatures
  4 dread liches
  Mennas (Depths:4)
  Mara (Elf:3)
  A juggernaut (Depths:3)
  An ancient lich (Vaults:5)
  A profane servitor (Crypt:3)
  3 golden dragons
  A pearl dragon (Depths:3)
  A bone dragon (Crypt:3)
  4 electric golems
  9 tentacled monstrosities
  Rupert (Lair:4)
  5 liches
  Asterion (Depths:1)
  4 titans
  2 quicksilver dragons
  2 deep elf master archers (Elf:3)
  4 ancient champions
  A deep elf blademaster (Elf:3)
  Gastronok (Lair:2)
  Frances (Swamp:1)
  4 sphinxes
  4 death cobs
  7 storm dragons
  A thorn hunter (Swamp:4)
  4 draconian monks
  Kirke (Swamp:4)
  Donald (Swamp:3)
  Agnes (Spider:1)
  3 fenstrider witches (Swamp:4)
  7 shadow dragons
  Roxanne (Spider:2)
  9 frost giants
  2 revenants
  4 tengu reavers
  4 draconian scorchers
  8 fire giants
  3 ghost moths (Spider:4)
  3 iron dragons
  Aizul (Swamp:3)
  6 deep elf sorcerers
  A draconian knight (Zot:2)
  Louise (Swamp:2)
  4 draconian shifters
  4 deep elf elementalists
  5 vault wardens
  3 spriggan defenders (Depths:3)
  6 ghouls
  4 emperor scorpions (Spider:4)
  9 very ugly things
  2 reapers
  8 ironheart preservers
  An ophan (Depths:3)
  A curse skull (Crypt:1)
  2 draconian annihilators
  15 stone giants
  3 war gargoyles
  5 deep elf demonologists
  An apis (Depths:3)
  14 vampire knights
  10 entropy weavers
  The ghost of trm the Fighter, a journeyman DsCj of Okawaru (Lair:5)
  3 green draconians
  11 black draconians
  4 spark wasps
  8 deep elf annihilators
  3 purple draconians
  A bunyip (shapeshifter) (Vaults:4)
  5 bunyips
  A red draconian (Depths:5)
  3 white draconians
  A green death (Swamp:4)
  A merfolk javelineer (Depths:3)
  A yellow draconian (Zot:2)
  A minotaur (Lair:5)
  13 ettins
  A blizzard demon (Depths:4)
  A crystal guardian (Vaults:5)
  5 fire dragons
  18 jiangshi
  3 eleionomae
  11 deep elf death magi
  A shambling mangrove (Swamp:4)
  2 eidola
  6 rakshasas
  11 great orbs of eyes
  14 ice dragons
  11 yaktaur captains
  8 deep elf high priests
  6 boulder beetles
  2 spriggan air magi
  A quicksilver dragon skeleton (Crypt:1)
  16 ogre magi
  4 catoblepae
  Erica (D:9)
  11 vault guards
  A ghost crab (Swamp:3)
  An alligator snapping turtle (Depths:3)
  11 alligators
  21 hydras
  A spectral frost giant (Crypt:3)
  44 two-headed ogres
  A queen ant (Spider:1)
  11 death knights
  14 centaur warriors
  5 deep troll shamans
  11 death yaks
  8 deep troll earth magi
  5 spriggan berserkers
  6 tengu warriors
  2 titan zombies (Crypt:2)
  2 shock serpents (shapeshifter)
  6 hell knights
  2 shock serpents (Zot:2)
  3 vampire magi
  A fire crab (shapeshifter) (Vaults:1)
  A soul eater (Swamp:4)
  Sonja (Lair:1)
  5 deep elf knights
  6 sixfirhies
  3 iron trolls
  2 storm dragon skeletons
  21 deep trolls
  A spectral red draconian (Crypt:3)
  33 skeletal warriors
  A ghost moth zombie (Crypt:2)
  6 goliath frogs
  A golden dragon zombie (Crypt:1)
  A death drake (Swamp:4)
  4 shadow wraiths
  9 spriggan druids
  12 flayed ghosts
  A glowing orange brain (shapeshifter) (Depths:5)
  A titan skeleton (Crypt:2)
  A goliath frog (shapeshifter) (Vaults:5)
  4 unseen horrors
  2 swamp dragons
  4 glowing orange brains
  18 deep elf archers
  A shadow dragon zombie (Vaults:5)
  An obsidian statue (Vaults:4)
  2 harpies (shapeshifter)
  4 bog bodies
  32 deep elf pyromancers
  15 ironbrand convokers
  Pikel (D:4)
  21 orc knights
  10 harpies
  27 phantasmal warriors
  A lindwurm (Lair:6)
  24 orb spiders
  7 necromancers
  A human zombie (Vaults:5)
  9 wizards
  2 frost giant zombies
  8 orc sorcerers
  A wolf spider zombie (D:14)
  22 deep elf zephyrmancers
  An anaconda skeleton (Crypt:2)
  9 cyclopes
  31 wolf spiders
  41 ugly things
  A manticore (shapeshifter) (Vaults:4)
  A shining eye (Depths:4)
  A cyclops (shapeshifter) (Depths:5)
  3 manticores
  A black mamba (shapeshifter) (Depths:3)
  15 moths of wrath
  7 will-o-the-wisps
  An iron dragon skeleton (Crypt:2)
  A guardian serpent (shapeshifter) (Vaults:3)
  An elephant (shapeshifter) (Vaults:1)
  7 elephants (Lair:5)
  13 vault sentinels
  2 black mambas (Lair:4)
  A frost giant skeleton (D:15)
  2 eyes of devastation
  2 ice statues (Depths:4)
  27 cane toads
  5 spectral swamp worms (Depths:1)
  Maggie (Lair:1)
  An alligator snapping turtle zombie (Crypt:2)
  A water nymph (Depths:3)
  2 orange demons (Swamp:4)
  13 freezing wraiths
  7 rime drakes
  A gargoyle (D:15)
  A torpor snail (Spider:3)
  2 kobold demonologists (D:12)
  5 tengu conjurers
  13 demonic crawlers
  2 ice devils (Depths:4)
  47 yaktaurs
  12 komodo dragons
  A yaktaur (shapeshifter) (Vaults:2)
  A yaktaur skeleton (D:15)
  An efreet (D:12)
  A green draconian skeleton (Crypt:1)
  2 catoblepas skeletons
  An anaconda simulacrum (Crypt:2)
  A guardian mummy (D:15)
  A death yak skeleton (Crypt:2)
  30 jumping spiders
  A bloated husk (Swamp:1)
  A harpy zombie (Crypt:1)
  A queen bee (shapeshifter) (Depths:3)
  3 hellwings
  8 trolls
  17 tyrant leeches
  Prince Ribbit (Lair:1)
  22 hornets
  A merfolk (shapeshifter) (Depths:5)
  3 polar bears
  A raiju (shapeshifter) (Elf:3)
  2 blink frogs (shapeshifter)
  40 blink frogs
  A hornet (shapeshifter) (Elf:2)
  An ettin zombie (D:15)
  A snapping turtle (shapeshifter) (Vaults:3)
  A fire giant simulacrum (Crypt:2)
  23 slime creatures
  2 dream sheep (D:14)
  A raiju (Zot:2)
  A shapeshifter (Vaults:2)
  69 redbacks
  48 flying skulls (Crypt:3)
  4 air elementals
  6 shadows
  26 tarantellas
  16 spriggans
  13 wraiths
  A spriggan (shapeshifter) (Elf:3)
  4 vampires
  11 wyverns
  A wind drake zombie (Crypt:2)
  6 hogs
  12 water elementals
  44 yaks
  A dire elephant simulacrum (Crypt:2)
  2 fire elementals
  A golden eye (shapeshifter) (Vaults:2)
  Grum (Lair:1)
  4 basilisks
  4 small abominations (Crypt:3)
  A human (shapeshifter) (Zot:2)
  A basilisk (shapeshifter) (Vaults:3)
  A chaos spawn (Swamp:4)
  3 neqoxecs
  A steam dragon (Lair:3)
  An emperor scorpion simulacrum (Crypt:3)
  8 vampire mosquitoes
  A swamp worm (shapeshifter) (Depths:5)
  14 wargs
  A torturous demonspawn zombie (Crypt:1)
  A catoblepas simulacrum (Crypt:2)
  17 swamp worms
  3 acid dragons
  3 floating eyes
  4 soldier ants (Spider:1)
  13 water moccasins
  Duvessa (D:4)
  A swamp drake (Swamp:4)
  A hell hound (D:14)
  4 ice beasts
  3 black bears
  A deep troll skeleton (Crypt:1)
  2 eyes of draining (shapeshifter)
  An elephant zombie (Crypt:2)
  4 eyes of draining
  51 orc warriors
  6 sky beasts
  5 necrophages
  29 ogres
  32 wolves
  5 boggarts (Depths:2)
  31 centaurs
  A torpor snail zombie (Crypt:1)
  A phantom (D:12)
  6 kobold brigands
  28 bullfrogs
  A wyvern zombie (D:14)
  A gnoll sergeant (D:7)
  4 earth elementals
  An elf simulacrum (Vaults:1)
  A water moccasin zombie (Crypt:1)
  12 scorpions
  Dowan (D:4)
  A wyvern skeleton (D:11)
  A troll zombie (Crypt:1)
  2 human simulacra
  20 killer bees
  8 wights
  5 howler monkeys
  5 electric eels
  7 centaur zombies
  2 crimson imps (Depths:3)
  2 bullfrog zombies
  A quasit (D:7)
  12 orc priests
  3 jellies
  Crazy Yiuf (D:3)
  9 hounds
  A centaur skeleton (D:6)
  4 bullfrog skeletons
  A jelly (shapeshifter) (Depths:5)
  A gnoll shaman (D:7)
  An iron imp (Depths:3)
  8 iguanas
  13 hell rats
  Natasha (thrice) (D:3)
  32 orc wizards
  18 worker ants
  5 lightning spires (Zot:2)
  A demigod zombie (Crypt:1)
  An ogre zombie (Crypt:2)
  A hound skeleton (D:6)
  2 howler monkey zombies
  Robin (D:3)
  A worker ant zombie (D:11)
  A steam dragon zombie (Crypt:1)
  11 river rats
  18 adders
  A scorpion zombie (Crypt:2)
  4 shadow imps
  6 white imps
  5 ufetubi
  An ooze (D:4)
  2 adder skeletons
  An adder zombie (D:7)
  6 worms
  2 dart slugs
  9 leopard geckos
  112 orcs
  3 bats
  15 giant cockroaches
  10 goblins
  13 hobgoblins
  8 jackals
  8 quokkas
  4 ball pythons
  5 frilled lizards
  2 jackal skeletons
  27 kobolds
  A leopard gecko zombie (D:8)
  A quokka skeleton (Crypt:2)
  8 rats
  A butterfly (D:9)
2386 creatures vanquished.

Vanquished Creatures (collateral kills)
  A tentacled monstrosity (Vaults:5)
  An ironheart preserver (Vaults:5)
  A deep elf high priest (Vaults:5)
  A yaktaur captain (Vaults:5)
  4 vault guards
  An ogre mage (D:7)
  A two-headed ogre (D:13)
  A hornet (Swamp:4)
  2 ogres (D:13)
  A quokka zombie (D:7)
14 creatures vanquished.

Vanquished Creatures (others)
  A dread lich (Vaults:5)
  3 tentacled monstrosities
  A sphinx (Vaults:5)
  A titan (Vaults:5)
  2 storm dragons (Zot:2)
  A draconian monk (Depths:5)
  2 tengu reavers (Vaults:5)
  A fire giant (Vaults:5)
  A frost giant (Vaults:5)
  2 vault wardens (Vaults:5)
  An ironheart preserver (Vaults:5)
  2 black draconians (Zot:2)
  A stone giant (Vaults:5)
  A deep elf demonologist (Vaults:5)
  16 vault guards (Vaults:5)
  An ogre mage (Vaults:5)
  A death knight (Vaults:5)
  A shock serpent (Zot:2)
  A deep elf knight (Elf:2)
  A wolf spider (Vaults:5)
  A deep elf pyromancer (Elf:1)
  A hornet (Swamp:4)
  A jumping spider (Spider:1)
  A bloated husk (Swamp:1)
  A snapping turtle (shapeshifter) (Vaults:5)
  A redback (Spider:2)
  24 dancing weapons
  A sky beast (D:12)
  An ogre (Vaults:5)
  A centaur (D:13)
  3 orcs
  4 ball lightnings (Zot:2)
  34 foxfires
  37 fungi
  120 plants
  5 withered plants (D:15)
277 creatures vanquished.

Grand Total: 2677 creatures vanquished

Notes
Turn   | Place    | Note
-------+----------+-------------------------------------------
     0 | D:5      | namelastname112 the Draconian Delver began the quest for
                  | the Orb.
     0 | D:5      | Reached XP level 1. HP: 19/19 MP: 1/1
     1 | D:5      | Found an iron altar of Okawaru.
   223 | D:5      | Noticed an orc wizard
   224 | D:5      | Noticed an orc wizard
   284 | D:5      | Reached XP level 2. HP: 26/26 MP: 2/2
   395 | D:4      | Noticed a lemure
   468 | D:4      | Noticed Duvessa
   468 | D:4      | Noticed Dowan
   483 | D:4      | Noticed an ogre
   542 | D:4      | Found a bloodstained altar of Trog.
   876 | D:3      | Reached XP level 3. HP: 12/33 MP: 3/3
  1318 | D:2      | Reached XP level 4. HP: 40/40 MP: 4/4
  1346 | D:2      | Reached skill level 4 in Fighting
  1346 | D:2      | Reached skill level 5 in Stealth
  1370 | D:2      | Found an ancient bone altar of Kikubaaqudgha.
  1929 | D:2      | Noticed Sigmund
  2262 | D:2      | Found an opulent altar of Gozag.
  2345 | D:2      | Reached XP level 5. HP: 46/46 MP: 5/5
  2587 | D:3      | Noticed Natasha
  2597 | D:3      | Killed Natasha
  2989 | D:3      | Noticed Robin
  3030 | D:3      | Killed Robin
  3334 | D:3      | Noticed Natasha
  3342 | D:3      | Killed Natasha
  3371 | D:3      | Noticed Natasha
  3384 | D:3      | Killed Natasha
  3385 | D:3      | Reached XP level 6. HP: 16/53 MP: 6/6
  3670 | D:3      | Found a runed translucent door.
  3671 | D:3      | Noticed Crazy Yiuf
  4031 | D:4      | Reached skill level 5 in Fighting
  4275 | D:4      | Found a staircase to the Ecumenical Temple.
  4304 | D:4      | Noticed Pikel
  4322 | D:4      | Killed Pikel
  4323 | D:4      | Your scales start taking on a golden yellow colour.
  4323 | D:4      | Reached XP level 7. HP: 23/62 MP: 7/7
  4323 | D:4      | Gained mutation: You are resistant to acid. (rCorr) [Yellow
                  | Draconian growth]
  5209 | D:3      | Killed Crazy Yiuf
  5367 | D:4      | Killed Dowan
  5368 | D:4      | Reached skill level 6 in Fighting
  5511 | D:4      | Killed Duvessa
  5512 | D:4      | Reached skill level 1 in Short Blades
  5512 | D:4      | Reached XP level 8. HP: 62/70 MP: 8/8
  6266 | Temple   | Entered the Ecumenical Temple
  6503 | D:2      | Became a worshipper of Gozag Ym Sagoz the Greedy
  6632 | D:5      | Reached skill level 5 in Dodging
  6748 | D:5      | Reached skill level 1 in Throwing
  7537 | D:6      | Reached skill level 7 in Fighting
  7554 | D:6      | Found Aschaj's Armour Boutique.
  7846 | D:6      | Reached XP level 9. HP: 79/79 MP: 9/9
  8469 | D:6      | Found a sacrificial altar of Ru.
  8775 | D:7      | Noticed an ogre mage
  8781 | D:7      | Noticed an ogre mage
  9071 | D:7      | Noticed a komodo dragon
  9081 | D:7      | Noticed an ogre mage
  9224 | D:7      | Reached skill level 1 in Evocations
  9580 | D:8      | Found a glowing silver altar of Zin.
  9620 | D:8      | Found a sparkling altar of Nemelex Xobeh.
  9621 | D:8      | Found a shimmering altar of Xom.
  9890 | D:8      | Found a white marble altar of Elyvilon.
 10195 | D:8      | Found a basalt altar of Yredelemnul.
 10401 | D:9      | Noticed a death yak
 10461 | D:8      | Killed a death yak
 10462 | D:8      | Reached skill level 8 in Fighting
 10462 | D:8      | Reached XP level 10. HP: 28/88 MP: 10/10
 10817 | D:9      | Found a broken altar of Ashenzari.
 10843 | D:9      | Reached skill level 5 in Short Blades
 10975 | D:9      | Noticed Erica
 11219 | D:9      | Killed Erica
 11494 | D:9      | Found a staircase to the Lair.
 11496 | D:9      | Noticed a death yak
 11497 | D:9      | Noticed a death yak
 11630 | D:8      | Killed a death yak
 11951 | D:8      | Killed a death yak
 12677 | D:9      | Found a snail-covered altar of Cheibriados.
 12691 | D:9      | Reached skill level 9 in Fighting
 12691 | D:9      | Reached skill level 5 in Throwing
 12809 | D:9      | Learned a level 2 spell: Ensorcelled Hibernation
 12813 | D:9      | Learned a level 3 spell: Confusing Touch
 12817 | D:9      | Learned a level 3 spell: Tukima's Dance
 13152 | D:9      | Found a runed translucent door.
 13154 | D:9      | Found a runed translucent door.
 13168 | D:9      | Reached skill level 1 in Spellcasting
 13172 | D:9      | Reached skill level 1 in Hexes
 13451 | D:9      | Noticed a cyclops
 13462 | D:9      | Killed a cyclops
 13463 | D:9      | Reached XP level 11. HP: 97/97 MP: 11/13
 13529 | D:10     | Entered Level 10 of the Dungeon
 13718 | D:10     | Found Qoceidic's Jewellery Boutique.
 13731 | D:10     | Bought the amulet of the Serpent {Spirit rN+ Slay+3} for
                  | 591 gold pieces
 14950 | D:10     | Found a staircase to the Orcish Mines.
 15737 | D:10     | Killed an unseen horror
 16265 | D:11     | Learned a level 3 spell: Dazzling Flash
 16294 | D:11     | Noticed a purple ugly thing
 16300 | D:11     | Killed a purple ugly thing
 16301 | D:11     | Reached skill level 5 in Spellcasting
 16301 | D:11     | Reached skill level 5 in Hexes
 17023 | D:12     | Noticed a two-headed ogre
 17042 | D:12     | Killed a two-headed ogre
 17335 | D:12     | Found a white marble altar of Elyvilon.
 17646 | D:12     | Killed an unseen horror
 17837 | D:12     | Reached XP level 12. HP: 104/104 MP: 20/22
 17916 | D:12     | Noticed a boulder beetle
 17929 | D:12     | Killed a boulder beetle
 17974 | D:12     | Noticed a tengu warrior
 18011 | D:12     | Killed a tengu warrior
 18397 | D:12     | Noticed a centaur warrior
 18399 | D:12     | Killed a centaur warrior
 18455 | D:12     | Noticed a war gargoyle
 19012 | D:12     | Noticed a two-headed ogre
 19031 | D:12     | Killed a two-headed ogre
 19474 | D:7      | Killed an ogre mage
 19482 | D:7      | Killed an ogre mage
 19582 | D:7      | Got an ichor-stained dagger
 19583 | D:7      | Identified the +9 dagger of the End {vorpal, Str+5} (You
                  | found it on level 7 of the Dungeon)
 20278 | D:7      | Killed an ogre mage
 20506 | D:12     | Identified the Compendium of Transmutation and the Glacier
 20522 | D:12     | Bought a pair of scorched boots for 294 gold pieces
 20522 | D:12     | Bought a translucent buckler for 294 gold pieces
 20527 | D:12     | Identified the +1 pair of boots of the Vestibule of Hell
                  | {*Slow rC+ rCorr} (You bought it in a shop on level 12 of
                  | the Dungeon)
 20532 | D:12     | Identified the +0 buckler of Sehos {rElec rPois} (You
                  | bought it in a shop on level 12 of the Dungeon)
 20739 | D:13     | Noticed a two-headed ogre
 20739 | D:13     | Noticed a death knight
 21037 | D:13     | Reached skill level 1 in Shields
 21280 | D:13     | Reached XP level 13. HP: 90/111 MP: 26/26
 24223 | D:14     | Found a shimmering altar of Xom.
 24337 | D:14     | Bought a dazzling buckler for 266 gold pieces
 24347 | D:14     | Identified the +0 buckler "Nuamopn" {rElec Str+6} (You
                  | bought it in a shop on level 14 of the Dungeon)
 24685 | D:14     | Reached skill level 10 in Hexes
 24956 | D:11     | Reached skill level 10 in Spellcasting
 24961 | D:11     | Reached skill level 10 in Fighting
 25469 | Lair:1   | Entered Level 1 of the Lair of Beasts
 25481 | Lair:1   | Noticed Grum
 25491 | Lair:1   | Killed Grum
 25598 | Lair:1   | Noticed Sonja
 25616 | Lair:1   | Killed Sonja
 26204 | Lair:1   | Noticed Prince Ribbit
 26220 | Lair:1   | Killed Prince Ribbit
 26235 | Lair:1   | Gained mutation: You have acidic saliva. [Yellow Draconian
                  | growth]
 26235 | Lair:1   | Reached XP level 14. HP: 102/121 MP: 5/28
 26575 | Lair:1   | Noticed Maggie
 26584 | Lair:1   | Killed Maggie
 27165 | Lair:2   | Noticed Gastronok
 27186 | Lair:2   | Reached skill level 10 in Stealth
 27240 | Lair:2   | Killed Gastronok
 27526 | Lair:2   | You fall into a shaft and drop 2 floors!
 27930 | Lair:4   | Found a staircase to the Swamp.
 28222 | Lair:4   | Found a hole to the Spider Nest.
 31111 | Lair:5   | Found a runed translucent gate.
 31112 | Lair:5   | Found a runed translucent gate.
 31114 | Lair:5   | Found a runed translucent gate.
 31170 | Lair:5   | Noticed trm's ghost (journeyman DsCj)
 31195 | Lair:5   | Reached skill level 11 in Fighting
 31395 | Lair:5   | Bought a glowing quick blade for 360 gold pieces
 32665 | Lair:6   | Entered Level 6 of the Lair of Beasts
 33530 | Lair:4   | Reached XP level 15. HP: 89/130 MP: 20/29
 36378 | Lair:6   | Found a staircase to the Slime Pits.
 36381 | Lair:6   | Found a viscous altar of Jiyva.
 37164 | D:9      | Bought a wand of iceblast (13) for 104 gold pieces
 37222 | Orc:1    | Entered Level 1 of the Orcish Mines
 37484 | Orc:2    | Entered Level 2 of the Orcish Mines
 37754 | Orc:2    | Found a staircase to the Elven Halls.
 37823 | Orc:2    | Reached skill level 10 in Dodging
 38002 | Orc:2    | Reached skill level 12 in Fighting
 38159 | Orc:2    | Found a roughly hewn altar of Beogh.
 38178 | Orc:2    | Found Amoxzus's Weapon Boutique.
 38354 | Orc:2    | Found Seliug Ufac's Assorted Antiques.
 38593 | Orc:2    | Bought a scroll of blinking for 195 gold pieces
 38826 | Orc:2    | Found Kohoergh's Armour Shoppe.
 39404 | Orc:2    | Found Jinycurph's Antique Armour Boutique.
 39421 | Orc:2    | Bought the -2 hat of the Alchemist {rElec rPois rF+ rC+ rN+
                  | Will+ rMut rCorr} for 1227 gold pieces
 39421 | Orc:2    | Found the -2 hat of the Alchemist {rElec rPois rF+ rC+ rN+
                  | Will+ rMut rCorr}
 39421 | Orc:2    | Bought a pair of runed boots for 195 gold pieces
 40404 | D:14     | Found a gate to the Vaults.
 40688 | D:14     | Reached skill level 10 in Short Blades
 40744 | D:14     | Reached XP level 16. HP: 65/139 MP: 24/31
 41100 | D:15     | Entered Level 15 of the Dungeon
 42759 | D:15     | Found a staircase to the Depths.
 43400 | D:15     | Found Qoweluu's Magic Scroll Emporium.
 43768 | Elf:1    | Entered Level 1 of the Elven Halls
 43915 | Elf:1    | Found Non Uvve's Armour Shoppe.
 44426 | Elf:1    | Found Eguoli's Distillery.
 44579 | Elf:1    | Learned a level 2 spell: Blink
 44596 | Elf:1    | Bought a potion of heal wounds for 80 gold pieces
 44665 | Elf:1    | Found Epofex's Antique Armour Shoppe.
 44788 | Elf:1    | Paralysed by a floating eye for 3 turns
 44990 | Elf:1    | Paralysed by a floating eye for 3 turns
 45040 | Elf:1    | Reached skill level 13 in Fighting
 47009 | Elf:2    | Found Yzigul's Distillery.
 47154 | Elf:2    | Reached XP level 17. HP: 150/150 MP: 33/33
 47323 | Elf:2    | Found a huge runed translucent gate.
 47323 | Elf:2    | Found a huge runed translucent gate.
 47329 | Elf:2    | Found a huge runed translucent gate.
 47329 | Elf:2    | Found a huge runed translucent gate.
 47329 | Elf:2    | Found a huge runed translucent gate.
 47399 | Elf:1    | Bought the +3 pair of gauntlets of War {Slay+5} for 1710
                  | gold pieces
 47399 | Elf:1    | Found the +3 pair of gauntlets of War {Slay+5}
 47410 | Elf:1    | Upgraded the game from 0.27-a0-291-gd9602db6ee to
                  | 0.27-a0-328-g7f782ed93a
 47460 | Elf:3    | Entered Level 3 of the Elven Halls
 47481 | Elf:3    | Found a huge runed gate.
 47481 | Elf:3    | Found a huge runed gate.
 47487 | Elf:3    | Found a huge runed gate.
 47503 | Elf:3    | Found a huge runed gate.
 47505 | Elf:3    | Found a huge runed gate.
 47509 | Elf:3    | Found a huge runed gate.
 47513 | Elf:3    | Found a huge runed gate.
 47514 | Elf:3    | Found a huge runed gate.
 47519 | Elf:3    | Found a huge runed gate.
 47538 | Elf:3    | Noticed Mara
 47665 | Elf:3    | Noticed namelastname112's illusion
 47793 | Elf:3    | Noticed namelastname112's illusion
 47822 | Elf:2    | Learned a level 5 spell: Summon Mana Viper
 48110 | Elf:3    | Noticed namelastname112's illusion
 48128 | Elf:3    | Killed Mara
 48415 | Elf:3    | Noticed a deep elf master archer
 48419 | Elf:3    | Killed a deep elf master archer
 48533 | Elf:3    | Noticed a deep elf blademaster
 48756 | Elf:3    | Identified the +6 mace "Spiderbane" {holy, rF+ rN++ Int-2}
 48792 | Elf:3    | Found a huge runed gate.
 48792 | Elf:3    | Found a huge runed gate.
 48792 | Elf:3    | Found a huge runed gate.
 48797 | Elf:3    | Found a huge runed gate.
 48800 | Elf:3    | Found a huge runed gate.
 48800 | Elf:3    | Found a huge runed gate.
 48800 | Elf:3    | Found a huge runed gate.
 48800 | Elf:3    | Found a huge runed gate.
 48800 | Elf:3    | Found a huge runed gate.
 48800 | Elf:3    | Found a huge runed gate.
 49118 | Elf:3    | Found a huge runed gate.
 49118 | Elf:3    | Found a huge runed gate.
 49118 | Elf:3    | Found a huge runed gate.
 49128 | Elf:3    | Found a huge runed gate.
 49128 | Elf:3    | Found a huge runed gate.
 49128 | Elf:3    | Found a huge runed gate.
 49279 | Elf:3    | Identified the +8 broad axe "Goblinslayer" {flame, Will+
                  | Dex+4 SInv}
 49279 | Elf:3    | Identified the ring "Syickyny" {MP+9 Int+3}
 49459 | Elf:3    | Identified the +9 rapier of Jofreupn {freeze, rF- rC+ rN+}
 49459 | Elf:3    | Identified the +4 scale mail of Objectivity {rElec rPois
                  | Will+++ Regen+}
 49510 | Elf:3    | Killed a deep elf blademaster
 49665 | Elf:3    | Noticed a deep elf master archer
 49792 | Elf:3    | Killed a deep elf master archer
 49825 | Elf:3    | Reached skill level 14 in Fighting
 49838 | Elf:3    | Noticed a deep elf blademaster
 50245 | Elf:3    | Learned a level 5 spell: Silence
 50253 | Elf:3    | Identified the Collected Works on Orientation and the
                  | Entourage
 50522 | Elf:3    | Learned a level 1 spell: Apportation
 50528 | Elf:3    | Learned a level 5 spell: Yara's Violent Unravelling
 50528 | Elf:3    | namelastname112: ??door vault
 50528 | Elf:3    | beem: door vault[1/5]: Run away. Some doors are meant to
                  | stay closed
 50528 | Elf:3    | namelastname112: ??door vault [2
 50528 | Elf:3    | beem: door vault[2/5]:
                  | http://s-z.org/neil/git/?p=crawl.git&a=search&h=HEAD&st=gre
                  | p&s=door_vault
 50528 | Elf:3    | namelastname112: ??door vault [3
 50528 | Elf:3    | beem: door vault[3/5]: !tv daftfad char=trbe 1
 50528 | Elf:3    | namelastname112: ??door vault [4
 50528 | Elf:3    | beem: door vault[4/5]: wow opening that strange structure
                  | made of doors was a bad idea it was made of doors...and
                  | there was death and mayhem inside
 50528 | Elf:3    | namelastname112: ??door vault [5
 50528 | Elf:3    | beem: door vault[5/5]: ooooh why did i opened that thing
                  | made of doors
 50759 | Spider:1 | Entered Level 1 of the Spider Nest
 51120 | Lair:5   | Killed trm's ghost
 51207 | Spider:1 | Noticed Rupert
 51448 | Lair:4   | Reached XP level 18. HP: 147/160 MP: 31/35
 51455 | Lair:4   | Killed Rupert
 51456 | Lair:4   | Reached skill level 1 in Ice Magic
 51868 | Spider:1 | Noticed Busm's ghost (adept TeAE)
 51872 | Spider:1 | Found a runed translucent gate.
 51872 | Spider:1 | Found a runed translucent gate.
 51873 | Spider:1 | Found a runed translucent gate.
 51873 | Spider:1 | Noticed Agnes
 51880 | Spider:1 | Killed Agnes
 52830 | D:14     | Bought the +3 warlock's mirror {reflect} for 1120 gold
                  | pieces
 52830 | D:14     | Found the +3 warlock's mirror {reflect}
 53073 | Spider:2 | Identified Roxanne's Disquisition on Earth
 53073 | Spider:2 | Noticed Roxanne
 53103 | Spider:2 | Killed Roxanne
 55825 | Spider:3 | Found a transporter.
 55826 | Spider:3 | Found a transporter.
 55946 | Spider:4 | Entered Level 4 of the Spider Nest
 56579 | Spider:4 | Identified a scroll of acquirement
 56580 | Spider:4 | Acquired 683 gold pieces
 57204 | Spider:4 | Reached XP level 19. HP: 169/169 MP: 24/36
 57249 | Spider:4 | Got a gossamer rune of Zot
 57818 | Vaults:1 | Entered Level 1 of the Vaults
 57821 | Vaults:1 | Bought a +2 pair of boots of stealth for 473 gold pieces
 58006 | Vaults:1 | Reached skill level 5 in Ice Magic
 58179 | Vaults:1 | Reached skill level 15 in Fighting
 58683 | Vaults:1 | You fall into a shaft and drop 1 floor!
 60258 | Vaults:2 | Found a staircase to the Crypt.
 60684 | Vaults:2 | Found the +4 moon troll leather armour {Spirit, Regen++
                  | MP+5}
 62544 | Vaults:3 | Reached XP level 20. HP: 155/179 MP: 33/38
 63066 | Vaults:4 | Found a gateway to a bazaar.
 63078 | Bazaar   | Entered a bazaar
 63078 | Bazaar   | Found Emim's General Store.
 63078 | Bazaar   | Found Meud Lage's General Store.
 63078 | Bazaar   | Found Kavagik's Magic Scroll Shoppe.
 63080 | Bazaar   | Found Uhatheg's Jewellery Shoppe.
 63080 | Bazaar   | Found Surebolergh's Jewellery Boutique.
 63100 | Bazaar   | Bought a scroll of teleportation for 39 gold pieces
 63398 | Vaults:4 | Reached skill level 15 in Stealth
 63808 | Vaults:4 | Reached skill level 16 in Fighting
 64684 | Vaults:4 | Paralysed by a hornet for 1 turns
 65445 | Swamp:1  | Entered Level 1 of the Swamp
 66406 | Swamp:2  | Noticed Frances
 66452 | Swamp:1  | Killed Frances
 67564 | Swamp:2  | Noticed Louise
 67589 | Swamp:2  | Killed Louise
 67973 | Swamp:3  | Reached skill level 17 in Fighting
 68126 | Swamp:3  | Noticed Donald
 68135 | Swamp:3  | Noticed Aizul
 68143 | Swamp:3  | Killed Donald
 68172 | Swamp:3  | Killed Aizul
 68388 | Swamp:3  | Found a large runed translucent door.
 68388 | Swamp:3  | Found a large runed translucent door.
 68398 | Swamp:3  | Noticed PeterLawrence's ghost (adept MiFi)
 68627 | Swamp:3  | Reached XP level 21. HP: 108/191 MP: 26/39
 69306 | Swamp:4  | Entered Level 4 of the Swamp
 69342 | Swamp:4  | Noticed Kirke
 69778 | Swamp:4  | Killed Kirke
 70678 | Swamp:4  | Reached skill level 15 in Dodging
 71281 | Swamp:4  | Got a decaying rune of Zot
 71786 | Vaults:5 | Entered Level 5 of the Vaults
 71812 | Vaults:5 | Noticed a dread lich
 72076 | Vaults:5 | Identified the +0 plate armour "Catyufiw" {Rampage SInv}
 72146 | Vaults:5 | Reached skill level 18 in Fighting
 72201 | Vaults:5 | Noticed a golden dragon
 72221 | Vaults:5 | Killed a golden dragon
 72505 | Vaults:5 | Identified the +2 gold dragon scales "Hippag" {rElec rPois
                  | rF+ rC+ Int-3 Dex+5 SInv}
 72506 | Vaults:5 | Noticed an ancient lich
 72953 | Vaults:5 | Noticed a dread lich
 72968 | Vaults:5 | Killed a dread lich
 73044 | Vaults:5 | Reached XP level 22. HP: 203/203 MP: 40/40
 73183 | Vaults:5 | Killed an ancient lich
 73854 | Vaults:5 | Noticed a dread lich
 73869 | Vaults:5 | Killed a dread lich
 74077 | Vaults:5 | Identified the +5 shortbow "Fosikuus" {flame, Stlth+}
 74248 | Vaults:5 | Got a silver rune of Zot
 74278 | Vaults:5 | Bought a +1 pair of boots of running for 474 gold pieces
 74557 | Depths:1 | Entered Level 1 of the Depths
 74774 | Depths:1 | Reached skill level 19 in Fighting
 74779 | Depths:1 | Found a gateway to Hell.
 75275 | Depths:1 | Noticed Asterion
 75301 | Depths:1 | Killed Asterion
 75647 | Depths:1 | Found a glowing golden altar of the Shining One.
 76239 | Depths:2 | You fall into a shaft and drop 1 floor!
 76920 | Depths:3 | Found Toallet's Jewellery Boutique.
 77645 | Depths:3 | Found a one-way gate to the infinite horrors of the Abyss.
 77722 | Depths:3 | Noticed a golden dragon
 77754 | Depths:3 | Killed a golden dragon
 77755 | Depths:3 | Reached XP level 23. HP: 158/215 MP: 32/41
 77835 | Depths:3 | Reached skill level 20 in Fighting
 78230 | Depths:3 | Identified the ring "Fidokuit" {+Fly rC++ Slay+2}
 78443 | Depths:3 | Noticed a juggernaut
 78468 | Depths:3 | Killed a juggernaut
 78837 | Depths:3 | Found a white marble altar of Elyvilon.
 78837 | Depths:3 | Found a glowing silver altar of Zin.
 78837 | Depths:3 | Found a glowing golden altar of the Shining One.
 79129 | Depths:4 | Noticed Mennas
 79347 | Depths:4 | Found a gateway to a ziggurat.
 80447 | Depths:4 | Killed Mennas
 81153 | Depths:4 | Identified Faemenici's Papyrus of the Glacial Arsonist
 81322 | Depths:5 | Entered Level 5 of the Depths
 81492 | Depths:5 | Found a gate to the Realm of Zot.
 81575 | Depths:5 | Reached skill level 21 in Fighting
 81973 | Depths:5 | Reached XP level 24. HP: 206/228 MP: 37/41
 82157 | Depths:5 | Found Isuc's Magic Scroll Emporium.
 82159 | Depths:5 | Found Mownirphu's Magic Scroll Emporium.
 82159 | Depths:5 | Found Ebban's Antique Armour Shoppe.
 82162 | Depths:5 | Found Xaumiuxt's Weapon Shoppe.
 82801 | Depths:2 | Found a transporter.
 82811 | Depths:2 | Noticed septik's ghost (adept MiBe)
 82837 | Depths:2 | Found a transporter.
 84955 | Crypt:1  | Entered Level 1 of the Crypt
 85215 | Crypt:1  | Found a basalt altar of Yredelemnul.
 86761 | Crypt:2  | Reached skill level 22 in Fighting
 87159 | Crypt:2  | Found a basalt altar of Yredelemnul.
 87868 | Crypt:2  | Noticed a dread lich
 87881 | Crypt:2  | Killed a dread lich
 87978 | Crypt:2  | Reached XP level 25. HP: 238/238 MP: 41/41
 88269 | Crypt:3  | Entered Level 3 of the Crypt
 88839 | Crypt:3  | Found an ancient bone altar of Kikubaaqudgha.
 90201 | Crypt:3  | Identified Kikubaaqudgha's Tome of Necromancy
 90652 | Crypt:3  | Found a staircase to the Tomb.
 90652 | Crypt:3  | Noticed a dread lich
 90657 | Crypt:3  | Paralysed by a dread lich for 2 turns
 90661 | Crypt:3  | Banished a dread lich
 90801 | Crypt:3  | Learned a level 4 spell: Cause Fear
 90802 | Crypt:3  | Bought a book of Burglary for 1725 gold pieces
 90809 | Crypt:3  | Learned a level 6 spell: Invisibility
 90811 | Crypt:3  | Bought an embroidered cloak for 262 gold pieces
 90824 | Crypt:3  | Bought the amulet "Uwiupt" {Faith +Blink rF+ rC+ Dex+3} for
                  | 1114 gold pieces
 91205 | Depths:4 | Noticed a dread lich
 91212 | Depths:4 | Killed a dread lich
 91254 | Zot:1    | Entered Level 1 of the Realm of Zot
 91282 | Zot:1    | Reached skill level 23 in Fighting
 92294 | Zot:1    | Acquired 904 gold pieces
 93693 | Zot:2    | Reached XP level 26. HP: 251/251 MP: 41/41
 94703 | Zot:2    | HP: 4/251 [war gargoyle/+1 dire flail of protection (17)]
 94703 | Zot:2    | Slain by a tentacled monstrosity

Illustrated notes

Levels and vault maps discovered:
D:1:      tarquinn_simple_flora_water_a, layout_rooms
D:2:      layout_loops_cross, chequers_temple_overflow_statue_of_worship,
          uniq_sigmund
D:3:      layout_basic, minmay_misc_feat_ornament, uniq_crazy_yiuf_cottage,
          uniq_robin, uniq_natasha
D:4:      layout_basic, bloody_trog, temple_pool_b, uniq_duvessa, uniq_pikel
D:5:      layout_loops_ring, okawaru_ov_weapons_minmay
D:6:      layout_loops_ring, marbit_many_paths, serial_shops, shop
D:7:      minmay_the_grid_plus_closed [minmay_the_grid_minigrid_small,
          minmay_the_grid_doors, minmay_the_grid_tri_star,
          minmay_the_grid_tiny_cups, minmay_the_grid_prize_big_room],
          layout_loops_ring, minmay_fractal_squares_5
D:8:      layout_loops_ring, lemuel_crystal_altar, zin_statuary,
          kennysheep_mini_moat, grunt_temple_overflow_open, minmay_circle_x
D:9:      lemuel_insect_pit, layout_grid_maze, overflow_temple_1_default,
          lemuel_doored_altar, dpeg_lair_monsters,
          hangedman_abyss_or_decor_clamps, uniq_erica
D:10:     layout_stronghold, erik_orc_2, serial_shops,
          nicolae_shop_window_shopping
D:11:     layout_basic
D:12:     minmay_two_paths, layout_rooms, elyvilon_altar_3
D:13:     layout_gridville, minivault_4, worms_lemuel
D:14:     layout_rooms, grunt_vaults_entry_fortified, special_room
          [special_room_mythical_zoo], minmay_misc_feat_x, basic_altar,
          hangedman_ranch [blue_anna_fruit_fields]
D:15:     gammafunk_depths_entry_grave, layout_layer_cave, serial_shops,
          nicolae_shop_crystal, hangedman_decor_push
Temple:   jpeg_temple_clearing
Lair:1:   layout_layer_cave, minmay_lair_oklob_chamber, uniq_sonja,
          uniq_prince_ribbit2, uniq_maggie, uniq_grum
Lair:2:   layout_roguey, uniq_gastronok
Lair:3:   layout_hall_layers, lemuel_fruit_tree
Lair:4:   layout_regular_city, swamp_mist_pool,
          nicolae_spider_entry_non_spiders, gauntlet_entry_generic
Lair:5:   layout_regular_city, maelrawn_ghost_gauntlet_escape,
          columned_hall_lemuel, wad_woods_road_01
Lair:6:   minmay_lair_end_frog_pond, layout_long_grid, slime_altar_1,
          st_stairs_8, chequers_serial_rivers_small_a, kennysheep_rathole
Swamp:1:  layout_falls_marsh, evilmike_swamp_ruin_rubble_1,
          infiniplex_staircase_pool
Swamp:2:  layout_basic_swamp, evilmike_swamp_ruin_rubble_2, swamp_pool1,
          statue_in_the_mist_lemuel, uniq_frances, uniq_louise
Swamp:3:  layout_basic_swamp, ebering_ghost_disaster_area,
          evilmike_swamp_ruin_house_4, uniq_aizul, uniq_donald
Swamp:4:  nzn_swamp_witches_coven, layout_basic_swamp, uniq_kirke
Spider:1: layout_spider_delve, gammafunk_ghost_split,
          nicolae_spider_ant_collections, uniq_rupert, uniq_agnes
Spider:2: layout_chambers, uniq_roxanne
Spider:3: gammafunk_boulding_lane
Spider:4: spider_rune_water
Orc:1:    layout_diamond_mine
Orc:2:    st_orc_town, layout_diamond_mine
Elf:1:    elf_arrival_001, layout_rooms, serial_shops, shop, shop, shop,
          minmay_elf_crystal_hexagon, onia_ninara_cookie
Elf:2:    layout_geoelf_grid, serial_shops,
          nicolae_shop_temple_entry_statues_fountains, drop_trap, st_stairs_11
Elf:3:    minmay_elf_hall_quartered_circle, layout_gridlike, not_door_vault_due,
          uniq_mara
Vaults:1: hangedman_vaults_hat, vaults_mumra_minichess_inversion,
          nicolae_vaults_know_your_exits, ontoclasm_vaults_fault,
          nicolae_vaults_little_squares_2, hangedman_vaults_stagger,
          vaults_room_stairs_pillars, grunt_vaults_hallway_short,
          nicolae_vaults_shelves_hall, layout_vaults_big_room
Vaults:2: vaults_room_semicircle, hangedman_vaults_hard_town_square,
          hangedman_vaults_impose, v_misc_13, minmay_crypt_entry_vampire_xt,
          v_misc_12, nicolae_vaults_little_squares_1, v_misc_15, v_misc_16,
          nicolae_vaults_network_s, nicolae_vaults_twisting_passages, v_misc_12,
          nicolae_vaults_network_quinsquares
          [nicolae_vaults_network_quincunx_subvault,
          nicolae_vaults_network_quincunx_subvault,
          nicolae_vaults_network_quincunx_subvault,
          nicolae_vaults_network_quincunx_subvault], layout_vaults_omnibox
Vaults:3: nicolae_vaults_little_squares_6, nicolae_vaults_c_with_doors,
          ontoclasm_vaults_ring_small, vaults_standard_mumra_x, v_misc_1,
          v_misc_11, ontoclasm_vaults_hangar, layout_vaults_quadrants
Vaults:4: v_misc_2, v_misc_28, nicolae_vaults_an_arrangement, v_misc_2,
          ontoclasm_vaults_loading_screen, hangedman_vaults_pinch,
          vaults_room_corners, nicolae_vaults_little_squares_6,
          vaults_room_stairs_pillars, nicolae_vaults_mini_display_case,
          layout_vaults_ring, serial_shops, statue_bzr
Vaults:5: serial_shops
Crypt:1:  layout_regular_city, basic_altar, grunt_crypt_arrival_split
Crypt:2:  layout_catacombs, basic_altar, minivault_5, st_stairs_1
Crypt:3:  grunt_crypt_end_deaths_head
Depths:1: layout_gridlike, pf_hell_entry_tar_river, tso_metal_star,
          uniq_asterion
Depths:2: nzn_winding_woodlands_cross [nzn_winding_woodlands_5x15_garden,
          nzn_winding_woodlands_5x15_longhouse,
          nzn_winding_woodlands_5x15_default,
          nzn_winding_woodlands_5x15_sidewinder,
          nzn_winding_woodlands_15x15_killbox], layout_basic,
          hangedman_decor_points, pf_hell_entry_great_geh,
          gammafunk_ghost_arena, minmay_misc_feat_chi
Depths:3: evilmike_diamond_1, layout_cave_pools, grunt_pan_entry_in_and_out,
          serial_shops, shop, hell_entry, minmay_misc_feat_square,
          abyss_entry_small_statue_room, hallowed_hall, serial_bayou_shore_a,
          firewood_loft
Depths:4: cheibrodos_cascadia, layout_gridlike, enter_ziggurat_c, abyss_entry,
          hell_entry, minmay_holes, grunt_ministairs_13, uniq_mennas
Depths:5: grunt_zot_entry_funnels, layout_cave_pools, hell_entry,
          serial_bayou_shore_b, minmay_shoptagon, serial_bayou_shore_b
Zot:1:    layout_misc_corridors, grunt_megastairs_2
Zot:2:    infiniplex_zot_generator, layout_basic

Skill      XL: |  1  2  3  4  5  6  7  8  9 10 11 12 13 14 15 16 17 18 19 20 21 22 23 24 25 26 |
---------------+-------------------------------------------------------------------------------+-----
Dodging        | 2 3 4 5 6 7 8 9 10 11 12 13 14 15 17 18 19 20 | 20.1
Fighting       | 4 5 6 7 8 9 10 11 12 13 14 15 17 18 19 21 22 23 | 23.3
Stealth        | 5 6 7 8 9 10 11 12 13 14 16 17 18 19 20 21 | 21.8
Long Blades    | 3 4 |  4.7
Short Blades   | 1 3 4 5 6 7 8 10 11 12 13 14 | 14.0
Throwing       | 2 3 5 |  5.0
Evocations     | 2 4 |  4.4
Spellcasting   | 1 6 9 10 11 12 13 14 | 14.6
Hexes          | 1 6 9 10 11 12 13 14 | 14.6
Shields        | 1 4 |  4.6
Ice Magic      | 4 6 |  6.5

Action                   |  1- 3 |  4- 6 |  7- 9 | 10-12 | 13-15 | 16-18 | 19-21 | 22-24 | 25-27 || total
-------------------------+-------+-------+-------+-------+-------+-------+-------+-------+-------++-------
Melee: Falchion          |    74 |       |       |       |       |       |       |       |       ||    74
       Tailslap          |    11 |    48 |    76 |   139 |   376 |   339 |   404 |   547 |   297 ||  2237
       Dagger            |     1 |   258 |   484 |   129 |   646 |       |       |       |       ||  1518
       Club              |       |    60 |       |       |       |       |       |       |       ||    60
       Rapier            |       |       |    46 |   657 |       |       |       |       |       ||   703
       Scimitar          |       |       |       |    16 |       |       |       |       |       ||    16
       Quick blade       |       |       |       |       |  1360 |  1793 |  1943 |  2327 |  1210 ||  8633
       Bite              |       |       |       |       |   241 |   251 |   294 |   449 |   206 ||  1441
Throw: Dart              |       |       |     2 |     5 |    19 |    12 |     1 |       |       ||    39
 Cast: Dazzling Flash    |       |       |       |     2 |    33 |       |       |       |       ||    35
       Ensorcelled Hiber |       |       |       |    24 |   177 |    32 |       |       |       ||   233
       Tukima's Dance    |       |       |       |     3 |    28 |     2 |       |       |       ||    33
       Confusing Touch   |       |       |       |     3 |    25 |     7 |       |       |       ||    35
       Summon Mana Viper |       |       |       |       |       |     3 |       |       |       ||     3
       Invisibility      |       |       |       |       |       |       |       |       |     1 ||     1
       Blink             |       |       |       |       |       |       |       |       |     1 ||     1
Invok: Call Merchant     |       |       |       |     2 |     3 |       |     1 |     2 |     3 ||    11
       Bribe Branch      |       |       |       |       |       |       |     1 |       |       ||     1
 Abil: Breathe Acid      |       |       |    14 |    27 |    30 |    11 |     1 |     3 |       ||    86
Evoke: Wand              |       |       |     2 |    13 |    11 |     6 |       |     1 |       ||    33
  Use: Scroll            |     2 |       |    17 |     3 |    17 |    13 |     4 |     7 |     2 ||    65
       Potion            |     1 |       |       |     1 |       |     4 |     2 |     1 |       ||     9
 Stab: Sleeping          |     1 |    13 |    16 |    33 |    88 |    53 |    47 |    45 |    13 ||   309
       Distracted        |       |     2 |     2 |     8 |    14 |    11 |    22 |    22 |     6 ||    87
       Paralysed         |       |       |       |     1 |     1 |     9 |    15 |    17 |    10 ||    53
       Invisible         |       |       |       |     1 |    31 |       |       |       |     6 ||    38
       Confused          |       |       |       |       |    27 |    12 |    12 |    18 |    10 ||    79
       Petrified         |       |       |       |       |     2 |       |     2 |     1 |       ||     5
       Betrayed ally     |       |       |       |       |       |     1 |       |       |       ||     1
       Petrifying        |       |       |       |       |       |     7 |    13 |    17 |     6 ||    43
Armor: Skin              |    33 |    51 |   143 |   313 |   390 |   209 |   228 |   241 |   159 ||  1767
Dodge: Dodged            |    67 |   120 |   236 |   706 |  1140 |   596 |   651 |   730 |   545 ||  4791
Block: Buckler           |       |       |       |    22 |   367 |   234 |   346 |   352 |   212 ||  1533
       Reflection        |       |       |       |       |       |       |    60 |    34 |    20 ||   114
       Rpst.: Falchion   |    18 |       |       |       |       |       |       |       |       ||    18
       Scimitar          |       |       |       |     7 |       |       |       |       |       ||     7

Table legend: (Time is in decaauts)
 A = Elapsed time spent in this place.
 B = Non-inter-level travel time spent in this place.
 C = Inter-level travel time spent in this place.
 D = Time resting spent in this place.
 E = Time spent auto-exploring this place.
 F = Levels seen in this place.
 G = Mean time per level.
                   A        B        C        D        E       F      G
               +--------+--------+--------+--------+--------+-----+--------+
         Total |  87986 |  82328 |   5658 |  23937 |  42901 |  51 | 1725.2 |
       Dungeon |  29746 |  27136 |   2610 |   9044 |  12731 |  15 | 1983.1 |
        Temple |    140 |    122 |     18 |      0 |    122 |   1 |  140.0 |
          Lair |  12564 |  11738 |    826 |   4333 |   5661 |   6 | 2094.0 |
         Swamp |   5603 |   5392 |    211 |   2173 |   2377 |   4 | 1400.8 |
   Spider Nest |   5390 |   5243 |    147 |    751 |   3469 |   4 | 1347.5 |
  Orcish Mines |   2023 |   1914 |    109 |    303 |   1166 |   2 | 1011.5 |
   Elven Halls |   6362 |   6097 |    265 |   2410 |   2495 |   3 | 2120.7 |
        Vaults |   9485 |   8560 |    925 |   1518 |   5259 |   5 | 1897.0 |
         Crypt |   4918 |   4789 |    129 |    645 |   3247 |   3 | 1639.3 |
        Depths |   8786 |   8383 |    403 |   1651 |   5076 |   5 | 1757.2 |
           Zot |   2918 |   2906 |     12 |   1106 |   1261 |   2 | 1459.0 |
        Bazaar |     45 |     45 |      0 |      0 |     34 |   1 |   45.0 |
               +--------+--------+--------+--------+--------+-----+--------+

Top non-repeatable levels by time:
  Lair:4: 3845 daAuts
    D:13: 3125 daAuts
  Lair:5: 3109 daAuts
    D:12: 2990 daAuts
    D:10: 2815 daAuts
Depths:3: 2693 daAuts
    D:14: 2682 daAuts
     D:9: 2451 daAuts
   Elf:3: 2441 daAuts
    D:15: 2356 daAuts
Vaults:5: 2234 daAuts
Vaults:2: 2186 daAuts
     D:3: 2182 daAuts
 Crypt:3: 2110 daAuts
   Elf:2: 2066 daAuts
